[Event "44th Chess Olympiad Open 2022"]
[Site "Chennai"]
[Date "2022.08.05"]
[Round "7.41"]
[White "Laohawirapap, Prin"]
[Black "Mwali, Chitumbo"]
[Result "1-0"]
[ECO "C45"]
[WhiteElo "2230"]
[BlackElo "2320"]
[Annotator "RC"]
[PlyCount "111"]
[EventDate "2022.07.29"]
[EventType "team-tourn"]
[EventCountry "IND"]
[SourceTitle "playchess.com"]
[Source "ChessBase"]
[SourceQuality "1"]
[WhiteTeam "Thailand"]
[BlackTeam "Zambia"]
[WhiteTeamCountry "THA"]
[BlackTeamCountry "ZAM"]
[TimeControl "40/5400+30:1800+30"]

1. e4 e5 2. Nf3 Nc6 3. d4 exd4 4. Nxd4 Nf6 5. Nxc6 bxc6 6. e5 Qe7 7. Qe2 Nd5 8. h4 d6 9. c4 Nb6 10. exd6 Qxe2+ 11. Bxe2 cxd6 12. Bf3 Bd7 13. b3 Be7 14. Bb2 O-O 15. Nc3 a5 16. Rd1 a4 17. O-O Rfb8 18. c5 dxc5 19. Nxa4 Be8 20. Be5 Rb7 21. Nxb6 Rxb6 22. Rfe1 Bf8 23. Bc7 Rb7 24. Bd6 Rba7 25. a4 Bxd6 26. Rxd6 Rb8 27. Rc1 Kf8 28. Rd3 Ra5 29. Bd1 Ke7 30. Re3+ Kf6 31. Rec3 Rd8 32. Be2 Rd5 33. Bc4 Re5 34. Rd1 Ke7 35. f4 Re4 36. g3 Ra7 37. Bd3 Rd4 38. Rxc5 Kd6 39. Rc4 c5 40. Bc2 Rxd1+ 41. Bxd1 Bc6 42. Rc3 Bd5 43. Kf2 c4 44. bxc4 Bc6 45. c5+ Kd5 46. Ke3 Bxa4 47. Bf3+ Ke6 48. Ra3 Kf6 49. Kf2 Ra5 50. Bd1 Rxc5 51. Rxa4 g6 52. Ra6+ Kg7 53. Ra7 Rb5 54. Ba4 Rb1 55. Be8 Rb2+ 56. Kf3 1-0

[Event "44th Chess Olympiad Open 2022"]
[Site "Chennai"]
[Date "2022.08.05"]
[Round "7.41"]
[White "Saeheng, Boonsueb"]
[Black "Lungu, Nase"]
[Result "1/2-1/2"]
[ECO "D20"]
[WhiteElo "2063"]
[BlackElo "2216"]
[Annotator "NA RC"]
[PlyCount "104"]
[EventDate "2022.07.29"]
[EventType "team-tourn"]
[EventCountry "IND"]
[SourceTitle "playchess.com"]
[Source "ChessBase"]
[SourceQuality "1"]
[WhiteTeam "Thailand"]
[BlackTeam "Zambia"]
[WhiteTeamCountry "THA"]
[BlackTeamCountry "ZAM"]
[TimeControl "40/5400+30:1800+30"]

1. d4 d5 2. c4 dxc4 3. e4 c5 4. d5 Nf6 5. Qa4+ Bd7 6. Qxc4 e6 7. Nc3 a6 8. a4 b5 9. Qe2 b4 10. dxe6 Bxe6 11. Nb1 Nc6 12. Nf3 c4 13. e5 Nd5 14. Qxc4 Rc8 15. Qe4 Nxe5 16. Nbd2 Nxf3+ 17. Nxf3 Qa5 18. Bd2 Be7 19. Bd3 Bf6 20. Nd4 Bxd4 21. Qxd4 O-O 22. O-O Rfd8 23. Qh4 h6 24. Rfd1 Rd7 25. Bxh6 gxh6 26. Qxh6 f6 27. Rac1 Rxc1 28. Rxc1 Qd8 29. Bxa6 Rg7 30. g3 Nc7 31. Bf1 Qd4 32. Rc2 Bd5 33. Re2 Ne6 34. Qh5 Nf8 35. Qf5 Rg5 36. Qc2 Re5 37. Rd2 b3 38. Qd3 Qxa4 39. h4 Kg7 40. Kh2 Qe4 41. Qxe4 Bxe4 42. Rd4 Ne6 43. Rb4 Bd5 44. Bg2 Nc5 45. Bxd5 Rxd5 46. Rb5 f5 47. Kg2 Kf6 48. Kf3 Re5 49. Rb6+ Re6 50. Rb5 Re5 51. Rb6+ Re6 52. Rb5 Re5 1/2-1/2

[Event "44th Chess Olympiad Open 2022"]
[Site "Chennai"]
[Date "2022.08.05"]
[Round "7.42"]
[White "Msellek, Ilyass"]
[Black "Michaelides, Konstantinos"]
[Result "1-0"]
[ECO "C76"]
[WhiteElo "2398"]
[BlackElo "2300"]
[Annotator "ChessBase"]
[PlyCount "61"]
[EventDate "2022.07.29"]
[EventType "team-tourn"]
[EventCountry "IND"]
[SourceTitle "playchess.com"]
[Source "ChessBase"]
[SourceQuality "1"]
[WhiteTeam "Morocco"]
[BlackTeam "Cyprus"]
[WhiteTeamCountry "MAR"]
[BlackTeamCountry "CYP"]
[TimeControl "40/5400+30:1800+30"]

1. e4 e5 2. Nf3 Nc6 3. Bb5 a6 4. Ba4 d6 5. O-O Nf6 6. Re1 Bd7 7. c3 g6 8. d4 b5 9. Bc2 Bg7 10. h3 O-O 11. Be3 Re8 12. Nbd2 Qc8 13. a3 Nd8 14. b4 Nb7 15. Rc1 a5 16. Bb3 axb4 17. axb4 Nd8 18. d5 Qb7 19. Ra1 c6 20. Rxa8 Qxa8 21. Qa1 Qb7 22. Qa2 cxd5 23. exd5 Nh5 24. c4 bxc4 25. Nxc4 Qb8 26. Nb6 Bc8 27. Rc1 Nb7 28. Qa4 Nf6 29. Qxe8+ Nxe8 30. Rxc8 Qxc8 31. Nxc8 1-0

[Event "44th Chess Olympiad Open 2022"]
[Site "Chennai"]
[Date "2022.08.05"]
[Round "7.42"]
[White "Isaakidis, Alexandros"]
[Black "Tissir, Mohamed"]
[Result "0-1"]
[ECO "E71"]
[WhiteElo "2165"]
[BlackElo "2366"]
[Annotator "TA"]
[PlyCount "100"]
[EventDate "2022.07.29"]
[EventType "team-tourn"]
[EventCountry "IND"]
[SourceTitle "playchess.com"]
[Source "ChessBase"]
[SourceQuality "1"]
[WhiteTeam "Cyprus"]
[BlackTeam "Morocco"]
[WhiteTeamCountry "CYP"]
[BlackTeamCountry "MAR"]
[TimeControl "40/5400+30:1800+30"]

1. d4 Nf6 2. c4 g6 3. Nc3 Bg7 4. e4 d6 5. Bg5 Nbd7 6. h3 O-O 7. Bd3 e5 8. d5 h6 {[%emt 0:03:39] E71: King's Indian: 4 e4 d6 5 h3.} 9. Be3 Nh5 10. g3 Nc5 {[%emt 0:01:31] White is slightly better.} 11. Bc2 a5 (11... c6 $14) 12. Qd2 $16 Kh7 13. Nge2 {[%emt 0:13:46] [#]} Qe7 $146 ({Predecessor:} 13... Bd7 14. g4 Nf6 15. Ng3 Rb8 16. a3 a4 17. Bxc5 dxc5 18. Bxa4 {½-½ (52) Chen,J (2247)-Singireddy,S (1683) ICC INT 2020}) 14. O-O-O Nf6 15. g4 Nfd7 16. Ng3 (16. b3 $16) 16... a4 (16... Nb6 $1 $14) 17. Qe2 a3 18. b3 (18. b4 $6 Na6 $11) 18... Qh4 19. Nb5 $1 Na6 20. Qd2 Re8 21. Rdg1 Nf8 22. Bb1 Bd7 {[%emt 0:00:55] [#]} 23. Nc3 (23. Nxa3 Nc5 $16) (23. Nf5 $142 $1 gxf5 24. gxf5) 23... Reb8 24. Nb5 ({White should play} 24. g5 $16) 24... Bxb5 (24... Re8 $1 $11) 25. cxb5 $14 Nc5 26. g5 $1 Nfd7 $2 (26... hxg5 $16 27. Bxg5 Qxg5 $1 28. Qxg5 Bh6) 27. f3 (27. Ne2 $1 $18) 27... hxg5 $16 28. Bc2 (28. Bxg5 $6 Qxg5 $1 29. Qxg5 Bh6 $11) (28. Ne2 $1 $18 {Strongly threatening Rg4.} Kg8 29. Bxg5) 28... Nf6 {[%emt 0:00:26] Inhibits Rg4.} (28... Bf6 $1 $11) 29. Nf1 (29. Bxg5 Qxg5 30. Qxg5 Bh6 $16) 29... Bh6 $2 (29... Kh8 $16) 30. Rg4 $2 Nxg4 $15 31. fxg4 {[%emt 0:00:02] And now Bf2 would win.} Bf8 32. Bf2 $1 (32. Bxg5 $2 Qxg5 $3 33. Qxg5 Bh6 $19) 32... Qh6 33. h4 $1 Kg8 (33... Be7 $15 34. h5 Kg8 35. Bxc5 dxc5) 34. Be3 $1 $14 {[%emt 0:00:13][%mdl 1024] White has compensation.} Be7 35. Rh2 Qg7 36. h5 c6 (36... Nd7 $15 {keeps the upper hand.}) 37. h6 $2 {[%emt 0:00:25][%mdl 8192] [#]} (37. b4 $16) 37... Qf8 $1 $19 (37... Qf6 38. Rf2 Qh8 39. b4 $11) 38. Bxc5 (38. bxc6 {was necessary.} bxc6 39. dxc6) 38... dxc5 39. bxc6 bxc6 40. Ne3 cxd5 41. Nxd5 (41. Qxd5 $142 Kh7 42. Rf2) 41... c4 (41... Kh7 $2 42. Bd3 $19) 42. Qc3 (42. Qe3 $142) 42... f6 $2 (42... cxb3 43. Bxb3 Rc8) 43. Qxc4 Kh8 ({Not} 43... Kh7 44. Qc7 Re8 45. Kb1 $17) 44. Qc7 Bd8 45. Qd7 Ra6 46. Kb1 (46. b4 $17 {was called for.}) 46... Rd6 47. Qa7 Bb6 48. Qxa3 Bd4 (48... Kh7 49. Bd3 $17) 49. Bd3 Rc8 {[%emt 0:01:11] Prevents Qc1.} ({Stronger than} 49... Kh7 50. Rc2 $17) (49... f5 $19 {has better winning chances.} 50. gxf5 gxf5) 50. Bc4 $2 {[%emt 0:01:04][%mdl 8192] [#]} (50. Qb4 $17) 50... Rxc4 $1 {[%emt 0:00:28][%mdl 512] Quite a comeback for Black.  Weighted Error Value: White=0.57/Black=0.42} 0-1

[Event "44th Chess Olympiad Open 2022"]
[Site "Chennai"]
[Date "2022.08.05"]
[Round "7.42"]
[White "Hadj Kholti, Yasser"]
[Black "Damianou, Ioannis"]
[Result "0-1"]
[ECO "B40"]
[WhiteElo "1871"]
[BlackElo "2153"]
[Annotator "TA"]
[PlyCount "75"]
[EventDate "2022.07.29"]
[EventType "team-tourn"]
[EventCountry "IND"]
[SourceTitle "playchess.com"]
[Source "ChessBase"]
[SourceQuality "1"]
[WhiteTeam "Morocco"]
[BlackTeam "Cyprus"]
[WhiteTeamCountry "MAR"]
[BlackTeamCountry "CYP"]
[TimeControl "40/5400+30:1800+30"]

1. e4 c5 2. Nf3 Nc6 3. d4 cxd4 4. Nxd4 e6 5. c4 Nxd4 6. Qxd4 Ne7 7. Nc3 Nc6 8. Qd3 {[%emt 0:03:47] B40: Sicilian: 2...e6, Unusual lines.} Bc5 9. Be2 d6 10. O-O {[%emt 0:01:08] White is slightly better.} O-O 11. a3 a6 12. b4 Ba7 {[%emt 0:04:41] [#]} 13. Be3 $146 (13. Qg3 {is interesting.} Bd4 14. Bd2 e5 15. Rac1) ({Predecessor:} 13. Qg3 e5 14. Bg5 f6 15. Bh6 Qd7 16. Be3 Nd4 17. Rad1 f5 18. f4 fxe4 19. fxe5 Rxf1+ 20. Rxf1 {1-0 (38) Vitoux,C (2385)-Lazarev,V (2378) Drancy 2016}) 13... e5 14. Rad1 Nd4 15. f4 Be6 16. fxe5 dxe5 17. c5 b6 18. Bxd4 ({Avoid the trap} 18. Qxa6 $2 bxc5 19. Bxd4 exd4 $19) (18. Na4 $11) 18... Qxd4+ $15 19. Qxd4 exd4 20. Nd5 bxc5 {[%emt 0:06:09][%cal Od4d3] [#] Threatens to win with ...d3!} 21. Ne7+ (21. Kh1 $15) 21... Kh8 $17 22. Bxa6 (22. Nc6 $17) 22... Bb6 23. Bb5 Rxa3 24. bxc5 (24. Nd5 $17 Bxd5 25. exd5) 24... Bxc5 $19 25. Nd5 f5 26. Nf4 (26. Rc1 {was called for.} Rc8 27. Nf4 d3+ 28. Kh1) 26... Bb3 ({Better is} 26... d3+ $1 $19 27. Kh1 Bb3 28. Rxd3 g5) 27. Rc1 $17 Ba7 $36 {[%emt 0:01:26][%mdl 2048] White is under strong pressure. A strong pair of Bishops.} 28. exf5 $2 (28. Bd3 $17 {is a better chance.}) 28... d3+ $1 $19 {[%emt 0:01:04][%cal Bd4d3,Bd3d2][%mdl 32] Black is clearly winning.} 29. Kh1 d2 30. Rc3 g5 31. Ne6 {[%emt 0:00:35] [#]} Bxe6 32. Rxa3 {[%emt 0:00:04] Hoping for Rd3.} Rxf5 33. Raa1 (33. Rd1 $142 Rxb5 34. Rxa7) 33... Rxb5 34. Rxa7 Rd5 35. Raa1 Bg4 36. Rad1 Bxd1 37. Rxd1 Re5 {[%emt 0:00:16] ( -> ...Re1+)} 38. Ra1 {[%emt 0:00:04] Weighted Error Value: White=0.90/Black=0.14 (very precise)} 0-1

[Event "44th Chess Olympiad Open 2022"]
[Site "Chennai"]
[Date "2022.08.05"]
[Round "7.42"]
[White "Antoniou, Rafail"]
[Black "Zrikem, Nassim"]
[Result "0-1"]
[ECO "C55"]
[WhiteElo "1817"]
[BlackElo "2075"]
[Annotator "TA"]
[PlyCount "68"]
[EventDate "2022.07.29"]
[EventType "team-tourn"]
[EventCountry "IND"]
[SourceTitle "playchess.com"]
[Source "ChessBase"]
[SourceQuality "1"]
[WhiteTeam "Cyprus"]
[BlackTeam "Morocco"]
[WhiteTeamCountry "CYP"]
[BlackTeamCountry "MAR"]
[TimeControl "40/5400+30:1800+30"]

1. e4 e5 2. Nf3 Nc6 3. Bc4 Nf6 4. d3 Be7 5. Nc3 d6 6. O-O Na5 {[%emt 0:00:38] C55: Two Knights: 4 d3, 4 d4 exd4 5 e5 and Max Lange Attack.} 7. h3 c6 8. a4 Nxc4 {[%emt 0:05:42] The position is equal.} 9. dxc4 {[%emt 0:00:03] [#]} Qc7 $146 ({Predecessor:} 9... O-O 10. b3 h6 11. Be3 Be6 12. Re1 Qc7 13. a5 Rfd8 14. Qe2 d5 15. cxd5 cxd5 {0-1 (55) Tologontegin,S (2380)-Rakotomaharo,F (2429) Chess.com INT 2021}) 10. Qe2 h6 11. Be3 g5 12. Nd2 Rg8 13. g4 Nd7 14. Nb3 (14. f3 $11) 14... a5 15. Rad1 b6 16. Rd2 Nf8 17. f3 Ne6 18. Nc1 (18. Qf2 $1 $11 {keeps the balance.}) 18... Nf4 $17 19. Bxf4 gxf4 20. Nd3 Be6 21. b3 h5 22. Rf2 Rh8 23. Rh2 Bh4 24. Nf2 Ke7 (24... O-O-O $142 25. Rd1 Bg3) 25. Kg2 {[%emt 0:01:03] [#]} (25. Rg2 $142) 25... Rag8 {[%emt 0:00:21] Black is more active.} ({Better is} 25... Bg3 $1 26. Rh1 Rag8) 26. Rd1 (26. Kf1 $17) 26... Qd7 (26... Rh7 $19 {Hoping for ...Rgh8.} 27. Kf1 Bg3) 27. Nd5+ $2 {[%emt 0:01:47][%mdl 8192] Loses the game.} cxd5 $19 28. cxd5 {[%emt 0:00:03] [#]} Bxg4 29. hxg4 Bxf2 ({Worse is} 29... hxg4 30. Nxg4 f5 31. exf5 Qxf5 32. Rdh1 Rxg4+ 33. fxg4 f3+ 34. Qxf3 Qxc2+ 35. Kf1 Qb1+ 36. Kg2 Qb2+ 37. Kf1 Qc1+ 38. Kg2 Qc2+ 39. Kf1 Qc1+ 40. Kg2 Qc2+ $11) 30. Qxf2 hxg4 31. Rxh8 gxf3+ 32. Kf1 Rxh8 33. Qxf3 Rh3 34. Qe2 Rh1+ {[%emt 0:00:16] Weighted Error Value: White=0.85/Black=0.14 (very precise)} 0-1

[Event "44th Chess Olympiad Open 2022"]
[Site "Chennai"]
[Date "2022.08.05"]
[Round "7.43"]
[White "Othman, A. Moussa"]
[Black "Arias Santana, Mauricio"]
[Result "0-1"]
[ECO "D30"]
[WhiteElo "2229"]
[BlackElo "2318"]
[Annotator "ChessBase"]
[PlyCount "74"]
[EventDate "2022.07.29"]
[EventType "team-tourn"]
[EventCountry "IND"]
[SourceTitle "playchess.com"]
[Source "ChessBase"]
[SourceQuality "1"]
[WhiteTeam "United Arab Emirates"]
[BlackTeam "Costa Rica"]
[WhiteTeamCountry "UAE"]
[BlackTeamCountry "CRI"]
[TimeControl "40/5400+30:1800+30"]

1. d4 Nf6 2. c4 e6 3. Nf3 d5 4. Nbd2 c5 5. cxd5 exd5 6. g3 Nc6 7. Bg2 Be7 8. dxc5 Bxc5 9. O-O O-O 10. Nb3 Bb6 11. Nbd4 Bg4 12. Nxc6 bxc6 13. Ne5 Re8 14. Nxg4 Nxg4 15. e3 h5 16. Bd2 Qg5 17. h3 Nf6 18. h4 Qg6 19. Rc1 Ne4 20. Qc2 c5 21. Rfd1 Rad8 22. Be1 Qe6 23. b3 f5 24. f3 Nf6 25. Bf2 Rc8 26. Bh3 g6 27. Bf1 Kh7 28. Re1 Nd7 29. Bd3 Ne5 30. Kg2 Re7 31. Ba6 Rd8 32. Be2 Qd7 33. Red1 Qb7 34. Qb2 Rde8 35. Rc2 d4 36. exd4 cxd4 37. Bxd4 Ng4 0-1

[Event "44th Chess Olympiad Open 2022"]
[Site "Chennai"]
[Date "2022.08.05"]
[Round "7.43"]
[White "Chinchilla Miranda, Eugenio"]
[Black "Abdulrahman Mohammad, Al Taher"]
[Result "0-1"]
[ECO "D35"]
[WhiteElo "2206"]
[BlackElo "2029"]
[Annotator "NA RC"]
[PlyCount "104"]
[EventDate "2022.07.29"]
[EventType "team-tourn"]
[EventCountry "IND"]
[SourceTitle "playchess.com"]
[Source "ChessBase"]
[SourceQuality "1"]
[WhiteTeam "Costa Rica"]
[BlackTeam "United Arab Emirates"]
[WhiteTeamCountry "CRI"]
[BlackTeamCountry "UAE"]
[TimeControl "40/5400+30:1800+30"]

1. d4 d5 2. c4 e6 3. Nc3 Nf6 4. Nf3 Be7 5. Bf4 O-O 6. Rc1 Nbd7 7. cxd5 exd5 8. e3 c6 9. h3 Re8 10. Bd3 Nf8 11. O-O Ng6 12. Bh2 Bd6 13. Bxd6 Qxd6 14. Qc2 Qe7 15. Rfd1 Ne4 16. Bxe4 dxe4 17. Ne5 Nxe5 18. dxe5 Qxe5 19. Qxe4 Qxe4 20. Nxe4 Be6 21. b3 Bxb3 22. axb3 Rxe4 23. Rd7 Rb4 24. Rcd1 g6 25. Rc7 Rxb3 26. Rdd7 Rf8 27. Rxb7 Rxb7 28. Rxb7 Ra8 29. Rc7 a5 30. Rxc6 a4 31. Rc2 Kg7 32. Kf1 Kf6 33. Ke2 a3 34. Ra2 Ke5 35. Kd3 f5 36. h4 h5 37. f3 Kd5 38. Kc3 Kc5 39. Kb3 Kb5 40. Kc3 Ka4 41. e4 fxe4 42. fxe4 Rc8+ 43. Kd4 Kb3 44. Ra1 Kb2 45. Rf1 a2 46. Ke5 Rc1 47. Rf2+ Rc2 48. Rf1 Rxg2 49. Kf6 a1=Q 50. Rxa1 Kxa1 51. e5 Rg4 52. e6 Rxh4 0-1

[Event "44th Chess Olympiad Open 2022"]
[Site "Chennai"]
[Date "2022.08.05"]
[Round "7.43"]
[White "Cabezas Solano, David Alejandro"]
[Black "Al Hosani, Omran"]
[Result "0-1"]
[ECO "B31"]
[WhiteElo "2196"]
[BlackElo "2215"]
[Annotator "ChessBase"]
[PlyCount "66"]
[EventDate "2022.07.29"]
[EventType "team-tourn"]
[EventCountry "IND"]
[SourceTitle "playchess.com"]
[Source "ChessBase"]
[SourceQuality "1"]
[WhiteTeam "Costa Rica"]
[BlackTeam "United Arab Emirates"]
[WhiteTeamCountry "CRI"]
[BlackTeamCountry "UAE"]
[TimeControl "40/5400+30:1800+30"]

1. e4 c5 2. Nf3 Nc6 3. Bb5 g6 4. O-O Bg7 5. c3 e5 6. d4 exd4 7. cxd4 cxd4 8. Bf4 d6 9. Nxd4 Nge7 10. Nc3 O-O 11. Nxc6 bxc6 12. Bc4 Be5 13. Bh6 Re8 14. Qb3 d5 15. exd5 Rb8 16. Qa4 Nf5 17. dxc6 Nxh6 18. c7 Bxh2+ 19. Kxh2 Qxc7+ 20. Kg1 Bd7 21. Qa6 Ng4 22. g3 Rxb2 23. Nd5 Qe5 24. Rae1 Qxe1 25. Nf6+ Kg7 26. Nxg4 Qc3 27. Qxa7 Be6 28. Bxe6 Rxe6 29. Ne3 Rb5 30. Rd1 Ra5 31. Qb7 Rxe3 32. fxe3 Qxe3+ 33. Kh1 Rh5+ 0-1

[Event "44th Chess Olympiad Open 2022"]
[Site "Chennai"]
[Date "2022.08.05"]
[Round "7.43"]
[White "Sultan, Ibrahim"]
[Black "Chaves Sanchez, Gabriel A"]
[Result "1-0"]
[ECO "D37"]
[WhiteElo "2108"]
[BlackElo "2125"]
[Annotator "TA"]
[PlyCount "117"]
[EventDate "2022.07.29"]
[EventType "team-tourn"]
[EventCountry "IND"]
[SourceTitle "playchess.com"]
[Source "ChessBase"]
[SourceQuality "1"]
[WhiteTeam "United Arab Emirates"]
[BlackTeam "Costa Rica"]
[WhiteTeamCountry "UAE"]
[BlackTeamCountry "CRI"]
[TimeControl "40/5400+30:1800+30"]

1. d4 Nf6 2. c4 e6 3. Nf3 d5 4. Nc3 Be7 5. Bf4 O-O 6. e3 b6 7. cxd5 Nxd5 8. Nxd5 exd5 9. Bd3 c5 10. dxc5 {[%emt 0:13:19] D37: Queen's Gambit Declined: 5 Bf4.} bxc5 11. O-O Nc6 12. Rc1 {[%emt 0:00:15] The position is equal.} Be6 13. Qe2 Qb6 14. Rfd1 h6 {[%emt 0:08:19] [#]} 15. Bb1 $146 ({Predecessor:} 15. b3 a5 16. Bb5 Rfd8 17. Ne5 Nxe5 18. Bxe5 Ra7 19. h3 Rb7 20. Ba6 Ra7 21. Bb5 {0-1 (79) Antova,G (2314)-Zatonskih,A (2420) Moscow 2019}) 15... Rac8 16. a3 ({White should try} 16. e4 $14 d4 17. b3) 16... a5 17. e4 d4 {[%emt 0:01:47][%cal Bd5d4,Bd4d3][%mdl 32] Threatening ...c4.} 18. e5 $40 {[%emt 0:00:28][%mdl 128] White has some attack.} c4 (18... f5 19. exf6 Rxf6 20. Bg3 $16) 19. Qe4 d3 20. Ba2 Bc5 21. Bxc4 Bxf2+ 22. Kf1 {[%emt 0:00:19] [#]} Bxc4 (22... Nd4 $1 $11 23. Nxd4 (23. Kxf2 Nxf3+ 24. Kxf3 Bxc4 $17) (23. Bxd3 $2 Bf5 $19) 23... Bxd4 24. Bxd3 g6) 23. Rxc4 $16 Ne7 (23... Qxb2 $2 24. Rd2 Qxa3 25. Kxf2 $18) 24. Rxd3 Rxc4 (24... Qxb2 $2 25. Rxc8 Rxc8 26. Rd2 Qxa3 27. Kxf2 $18) 25. Qxc4 {[%emt 0:00:05] And now Rd6 would win.} Ng6 {[%emt 0:00:36] [#]} (25... Qxb2 $2 26. Rd2 Qxa3 27. Kxf2 $18) (25... Rc8 $142 26. Qb3 Ng6) 26. Rd6 (26. Rb3 $142 $1 Qc5 27. Qxc5 Bxc5 28. Bd2) 26... Qc5 {[%emt 0:00:50] [#]} 27. Rc6 $1 {[%emt 0:01:52][%cal Bd6c6,Bc6c4,Bc4f4][%mdl 32] Active counter play!} Qxc4+ 28. Rxc4 Nxf4 29. Rxf4 {[%emt 0:00:07][%mdl 4096] Endgame KRB-KRN} Be3 30. Rc4 Rb8 31. b4 axb4 32. axb4 Rb5 33. Ke2 Bb6 34. Kd3 Kh7 (34... Rd5+ $16 35. Ke4 Rd8) 35. Rf4 $18 {[%emt 0:03:08] Threatens to win with Kc4.} Rd5+ 36. Kc4 Rd7 37. Kb5 Bc7 (37... Be3 38. Re4 Rd3) 38. Kc6 Re7 39. b5 Bd8 $2 (39... Bb8 40. b6 f6 41. exf6 Rf7) 40. Rd4 Rc7+ 41. Kb6 Rc8+ 42. Kb7 Rc5 43. Rxd8 Rxb5+ {[%emt 0:00:04] KRN-KR} 44. Kc6 Rb2 45. Rd2 Rb4 46. Kd5 {[%emt 0:00:00] aiming for Kd6.} Kg6 (46... Kg8 $142 47. Ra2 Rb5+ 48. Ke4 Rb7) 47. Nd4 Ra4 48. Rd3 Ra5+ 49. Ke4 Ra4 50. Rg3+ Kh7 51. Kd5 g6 52. Nc6 Ra2 53. Kd6 Kg7 54. Ke7 {[%emt 0:00:00] Black must now prevent Rf3.} Re2 55. Rf3 Rxg2 56. Rxf7+ {[%emt 0:00:00] White mates.} Kg8 57. e6 h5 58. Ne5 h4 59. Nd7 {[%emt 0:00:00] Weighted Error Value: White=0.24 (precise) /Black=0.36} 1-0

[Event "44th Chess Olympiad Open 2022"]
[Site "Chennai"]
[Date "2022.08.05"]
[Round "7.44"]
[White "Rakotomaharo, Fy Antenaina"]
[Black "Zaibi, Amir"]
[Result "1-0"]
[ECO "B47"]
[WhiteElo "2490"]
[BlackElo "2398"]
[Annotator "ChessBase"]
[PlyCount "75"]
[EventDate "2022.07.29"]
[EventType "team-tourn"]
[EventCountry "IND"]
[SourceTitle "playchess.com"]
[Source "ChessBase"]
[SourceQuality "1"]
[WhiteTeam "Madagascar"]
[BlackTeam "Tunisia"]
[WhiteTeamCountry "MAD"]
[BlackTeamCountry "TUN"]
[TimeControl "40/5400+30:1800+30"]

1. e4 c5 2. Nf3 e6 3. d4 cxd4 4. Nxd4 Nc6 5. Nc3 Qc7 6. g4 a6 7. Bg2 Nge7 8. Be3 Ng6 9. h4 Bd6 10. Nxc6 bxc6 11. Ne2 a5 12. h5 Ne5 13. Qd4 Bb4+ 14. Nc3 c5 15. Qd1 Nc4 16. Bc1 Bb7 17. Qf3 Qe5 18. Bf4 Qf6 19. g5 Bxc3+ 20. bxc3 Qe7 21. Rb1 Bc6 22. Qd3 e5 23. Bc1 Nd6 24. O-O O-O 25. Rd1 Nb7 26. Bh3 Rfb8 27. Be3 h6 28. gxh6 Qh4 29. Kh2 Nd8 30. Rxb8 Rxb8 31. Qd6 Rb2 32. hxg7 Ne6 33. Rg1 Rxc2 34. Qb8+ Nd8 35. Rg5 Rxf2+ 36. Kg1 Rg2+ 37. Bxg2 Qe1+ 38. Kh2 1-0

[Event "44th Chess Olympiad Open 2022"]
[Site "Chennai"]
[Date "2022.08.05"]
[Round "7.44"]
[White "Boudriga, Mohamed Ali"]
[Black "Andrianiaina, Heritiana"]
[Result "1-0"]
[ECO "E05"]
[WhiteElo "2308"]
[BlackElo "2095"]
[Annotator "TA"]
[PlyCount "133"]
[EventDate "2022.07.29"]
[EventType "team-tourn"]
[EventCountry "IND"]
[SourceTitle "playchess.com"]
[Source "ChessBase"]
[SourceQuality "1"]
[WhiteTeam "Tunisia"]
[BlackTeam "Madagascar"]
[WhiteTeamCountry "TUN"]
[BlackTeamCountry "MAD"]
[TimeControl "40/5400+30:1800+30"]

1. Nf3 Nf6 2. g3 d5 3. c4 e6 4. Bg2 Be7 5. O-O O-O 6. d4 dxc4 7. Ne5 Nc6 8. Nxc6 bxc6 9. Na3 Bxa3 10. bxa3 Nd5 11. Qa4 Nb6 12. Qxc6 Rb8 13. Qc5 Bb7 14. e4 {[%emt 0:00:31] E05: Open Catalan: 5 Nf3 Be7.} Qd6 15. Bf4 Qxc5 16. dxc5 {[%emt 0:00:03] White is slightly better.} Na4 17. Rfc1 $1 Ba6 18. Bf1 $1 (18. Bxc7 $6 Rbc8 19. Bd6 Rfd8 $11) 18... Rfc8 19. Bxc4 Nxc5 20. Be3 Bxc4 21. Rxc4 ({Don't play} 21. Bxc5 Bd3 $11) 21... Nd7 {[%emt 0:00:25][%cal Bc5d7,Bd7b6,Bb6a4,Ba4b2][%mdl 32] [#]} 22. Rd1 $146 ({Predecessor:} 22. Bxa7 Ra8 23. Be3 Rxa3 24. Rac1 c5 25. Bxc5 Rxa2 26. Bd6 Rxc4 27. Rxc4 Ra8 28. Bf4 Kf8 29. Rc2 h6 30. Kg2 Nf6 31. f3 {½-½ (31) Schreiner,P (2460)-Kovacs,G (2459) Austria 2013}) 22... Nb6 23. Rc6 Kf8 24. a4 {[%emt 0:05:15] Black must now prevent a5. White is much more active.} Nxa4 25. Bxa7 Rb2 26. Rd7 (26. Bd4 $16 Rxa2 27. Rdc1) 26... Rb7 {[%emt 0:05:48] Hoping for ...Ke8.} 27. Be3 Ke8 28. Rd2 Rb2 29. Rxb2 Nxb2 $14 {[%emt 0:00:05][%mdl 4096] Endgame KRB-KRN} 30. Bd4 Nd3 ({Black should play} 30... Kd7 $1 $14 31. Rc2 Na4) 31. Rc3 e5 32. Bb6 ({Much weaker is} 32. Rxd3 $6 Rd8 $11) 32... Nb4 33. Rxc7 Rxc7 34. Bxc7 Nxa2 35. Bxe5 $16 {[%emt 0:00:12] KB-KN} f6 36. Bd4 Kf7 37. Kf1 Nb4 38. Bc3 Nc6 39. Ke2 Ke6 40. f4 g6 41. Kf3 h5 42. h3 Na7 43. g4 hxg4+ 44. Kxg4 Nb5 45. f5+ Kf7 46. Bb4 Nd4 47. h4 gxf5+ 48. exf5 Kg7 49. Bd2 Nc6 50. Kf3 Ne7 $2 {[%emt 0:00:00] [#]} (50... Ne5+ $16 51. Ke4 Ng4) 51. Ke4 $1 $18 Kf7 52. Bf4 Kg7 $2 (52... Nc8 $18 53. Bc7 Ne7) 53. h5 Kh7 54. Bd6 $2 (54. h6 Ng8 55. Kd5 Ne7+ 56. Ke6 Nc6 57. Kxf6 Kg8 58. Ke6 Kh7 59. Kd7) 54... Nc8 $2 (54... Ng8 $14) 55. Bf4 (55. Bf8 $18 Nb6 56. Bc5) 55... Ne7 $1 56. Be3 Kg7 57. Bc5 $2 (57. h6+ {mates} Kf7 58. Bf4 Nc6 59. Bd6 Na7 60. Kd5 Nb5 61. Bb4 (61. Kc5 Nc3 $18) 61... Kg8 62. Ke6) 57... Nc6 ({Black should try} 57... Ng8 $1 $14) 58. Be3 $2 (58. Kd5 $16 Ne5 59. Be3) 58... Ne7 $1 59. Bf4 Kh7 $1 60. Bd2 Kg7 61. Bf4 Kh7 $1 62. Bd6 (62. h6 $142 Ng8 63. Kd5 Ne7+ 64. Ke6 Nc6 65. Kxf6 Nd8 66. Ke7 Nc6+ 67. Ke8) 62... Nc8 63. Bf8 {[%emt 0:00:09] Threatening mate with Kd5.} Kg8 64. Bc5 {[%emt 0:00:12] White mates.} Kh7 {[%emt 0:03:05] [#]} 65. Kd5 $1 Kh6 66. Ke6 Kg5 67. h6 {[%emt 0:00:05] Weighted Error Value: White=0.70/Black=0.28 (precise)} ({Not} 67. Kd7 Kxf5 68. Be3 (68. Kxc8 Kg5 $11) 68... Nb6+ 69. Ke8 (69. Bxb6 Kg5 $11) 69... Nc4 $11) 1-0